 Dungeon Crawl Stone Soup version 0.22.0-49-gab54619674 (webtiles) character file.

24 JedernureinKreuz the Magician (level 3, -1/21 HPs)
             Began as an Octopode Wizard on Sept 7, 2018.
             Slain by a gnoll
             ... wielding a +0 flail
              (11 damage)
             ... on level 1 of the Dungeon.
             The game lasted 00:04:20 (752 turns).

JedernureinKreuz the Magician (Octopode Wizard)      Turns: 752, Time: 00:04:20

Health: -1/21      AC:  1    Str:  6    XL:     3   Next: 2%
Magic:  1/7        EV: 13    Int: 21    God:
Gold:   54         SH:  0    Dex: 10    Spells: 7/8 levels left

rFire    . . .     SeeInvis .   d - +0 short sword
rCold    + . .     Gourm    .   (no shield)
rNeg     . . .     Faith    .   a - +0 hat
rPois    .         Spirit   .   (no amulet)
rElec    .         Reflect  .   e - ring of protection from cold
rCorr    .         Harm     .   (no ring)
MR       .....                  (no ring)
Stlth    +++.......             (no ring)
HPRegen  0.07/turn              (no ring)
MPRegen  0.10/turn              (no ring)
                                (no ring)
                                (no ring)

@: very slightly contaminated
A: almost no armour, stealthy swim, amphibious, 8 rings, constrict 8, camouflage
1, gelatinous body 1
a: no special abilities


You were on level 1 of the Dungeon.
You were not hungry.

You visited 1 branch of the dungeon, and saw 1 of its levels.

You collected 54 gold pieces.

Inventory:

Hand Weapons
 d - a +0 short sword (weapon)
 g - a +0 hunting sling
 j - a +0 dagger
Missiles
 h - 13 arrows
Armour
 a - a +0 hat (worn)
Jewellery
 e - a ring of protection from cold (left tentacle)
Scrolls
 f - a scroll of identify {unknown}
 i - 2 scrolls of remove curse {unknown}
Potions
 b - a potion of flight {unknown}
Comestibles
 c - 2 rations
 k - 3 chunks of flesh


   Skills:
 + Level 0.2 Short Blades
 + Level 2.2 Dodging
 + Level 3.3 Stealth
 + Level 3.4 Spellcasting
 + Level 1.2 Conjurations
   Level 1.0 Summonings
   Level 1.0 Translocations


You had 7 spell levels left.
You knew the following spells:

 Your Spells              Type           Power        Failure   Level  Hunger
a - Magic Dart            Conj           #...         8%          1    None

Your spell library contained the following spells:

 Spells                   Type           Power        Failure   Level  Hunger
 Blink                    Tloc           N/A          13%         2    ##.....
 Call Imp                 Summ           #.......     13%         2    ##.....
 Slow                     Hex            #.......     19%         2    ##.....
 Conjure Flame            Conj/Fire      #.......     30%         3    ###....
 Mephitic Cloud           Conj/Pois/Air  #.......     32%         3    ###....


Dungeon Overview and Level Annotations

Branches:
Dungeon (1/15)

Altars:


Innate Abilities, Weirdness & Mutations

You cannot wear most types of armour.
You are very stealthy in the water. (Stealth+)
You are amphibious.
You can wear up to eight rings at the same time.
You can use your tentacles to constrict eight enemies at once.
Your skin changes colour to match your surroundings (Stealth+).
Your rubbery body absorbs attacks. (AC +1, EV +1)


Message History

Press: ? - help, Shift-Dir - straight line, f/p - gnoll
Aim: a gnoll, wielding a flail (moderately wounded)
The magic dart hits the dart slug.
You hit the dart slug. You grab the dart slug.
The dart slug is lightly wounded.
You constrict the dart slug. The dart slug closely misses you.
You hit the dart slug.
The dart slug is almost dead.
You constrict the dart slug. You hit the dart slug.
You kill the dart slug!
You have reached level 3!
Your experience leads to an increase in your attributes!
Increase (S)trength, (I)ntelligence, or (D)exterity?
You feel clever.
You hit the gnoll. Your grab misses the gnoll.
The gnoll is heavily wounded.
The gnoll hits you with a flail!
Ouch! That really hurt!
You die...

###### #.#
###.##.########
.....###.# ##...#.#
.......#.# #......#
###.#..#.## #......#
##.###.#..###......#
########
..###.#....###...#.#
#....... ##.###.##.##
###.#.#######.######
###.#..##.# #.#.........#
.....#.##.# #@###########
##.###.##.######g########
#. #.##...............#
### #.
#.#########.######.# #..
#. #.# ####.# #.# #.# ..
..# #....# #.# #.# #. ##
#†#### #.## #.#
#.#########..# #.#
#.#..........# #.#


You could see a gnoll.

Vanquished Creatures
  An ooze (D:1)
  2 dart slugs (D:1)
  A leopard gecko (D:1)
  A ball python (D:1)
  2 goblins (D:1)
  A hobgoblin (D:1)
  A kobold (D:1)
  2 bats (D:1)
  3 frilled lizards (D:1)
  A rat (D:1)
15 creatures vanquished.

Notes
Turn   | Place    | Note
-------+----------+-------------------------------------------
     0 | D:1      | JedernureinKreuz the Octopode Wizard began the quest for
                  | the Orb.
     0 | D:1      | Reached XP level 1. HP: 11/11 MP: 4/4
   162 | D:1      | Reached XP level 2. HP: 2/17 MP: 0/6
   745 | D:1      | Reached XP level 3. HP: 9/21 MP: 0/7
   752 | D:1      | Slain by a gnoll

Skill      XL: |  1 |
---------------+----+-----
Stealth        | 3 |  3.3
Short Blades   | |  0.2
Dodging        | |  2.2
Spellcasting   | |  3.4
Conjurations   | |  1.2
Summonings     | |  1.0
Translocations | |  1.0

Action                   || total
-------------------------++-------
Melee: Unarmed           ||    12
       Dagger            ||    11
       Constrict         ||     4
       Tentacles         ||     2
       Short sword       ||     5
 Cast: Magic Dart        ||    27
 Stab: Sleeping          ||     1
Armor: Skin              ||     2
Dodge: Dodged            ||    22
